TOP OF THE 1ST |
Columbia Fireflies batting - Pitching for Mississippi Braves : RHP Brian Bailes
|
Pitching: RHP Brian Bailes
|
|
Batting: RHB Zhao-ying Joe
|
0-0: Called Strike 0-1: Ball 1-1: Swinging Strike 1-2: Foul Ball, location: 2F 1-2: Ball 2-2: Strikes out swinging
|
Batting: LHB Jamel Alexander
|
0-0: Swinging Strike 0-1: Ball 1-1: Ball 2-1: Foul Ball, location: 2F 2-2: Ball 3-2: Strikes out looking
|
Batting: SHB Jason Evans
|
0-0: Ball 1-0: Swinging Strike 1-1: Ball 2-1: Ball 3-1: Swinging Strike 3-2: Foul Ball, location: 2F 3-2: Ground out 5-3 (Groundball, 5, EV 85.6 MPH)
|
Top of the 1st over - 0 runs, 0 hits, 0 errors, 0 left on base; Columbia 0 - Mississippi 0 |
BOTTOM OF THE 1ST |
Mississippi Braves batting - Pitching for Columbia Fireflies : RHP Zhao-ying Joe
|
Pitching: RHP Zhao-ying Joe
|
|
Batting: RHB Edgar Castillo
|
0-0: SINGLE (Line Drive, 8LS, EV 98.8 MPH)
|
Batting: RHB Joe Young
|
0-0: Called Strike 0-1: Ball Edgar Castillo is caught stealing 2nd base 2-4 1-1: Ground out 5-3 (Groundball, 56, EV 85.0 MPH)
|
Batting: LHB Art D'Ascenzo
|
0-0: Foul Ball, location: 2F 0-1: Ball 1-1: SINGLE (Line Drive, 89M, EV 110.6 MPH)
|
Batting: SHB Richello Badua
|
0-0: Ball 1-0: Foul Ball, location: 2F 1-1: SINGLE (Line Drive, 78S, EV 91.2 MPH) Art D'Ascenzo to second Runner from 2nd tries for 3rd, SAFE, throw by LF made to third
|
Batting: LHB Oke Monti
|
0-0: Ball 1-0: Ball Wild Pitch! Art D'Ascenzo scores Richello Badua to second 2-0: Foul Ball, location: 2F 2-1: Swinging Strike 2-2: Ground out 4-3 (Groundball, 4, EV 86.9 MPH)
|
Bottom of the 1st over - 1 run, 3 hits, 0 errors, 1 left on base; Columbia 0 - Mississippi 1 |
TOP OF THE 2ND |
Columbia Fireflies batting - Pitching for Mississippi Braves : RHP Brian Bailes
|
Batting: RHB Masaya Nakamura
|
0-0: Foul Ball, location: 2F 0-1: Foul Ball, location: 2F 0-2: Strikes out swinging
|
Batting: SHB Raul Morales
|
0-0: Ball 1-0: Ball 2-0: Ball 3-0: Base on Balls
|
Batting: RHB Jeff MacPhee
|
0-0: Swinging Strike 0-1: Ball Raul Morales steals 2nd base (no throw) 1-1: Swinging Strike 1-2: Strikes out swinging
|
Batting: RHB Bobby Mabrey
|
0-0: Ball 1-0: Called Strike 1-1: Called Strike 1-2: SINGLE (Groundball, 4D, EV 98.1 MPH) Raul Morales to third Runner from 3rd tries for Home, SAFE, throw by RF to home
|
Batting: RHB Koen van Oort
|
0-0: Swinging Strike 0-1: Ball 1-1: Ground out 5-3 (Groundball, 5S, EV 79.4 MPH)
|
Top of the 2nd over - 1 run, 1 hit, 0 errors, 1 left on base; Columbia 1 - Mississippi 1 |
BOTTOM OF THE 2ND |
Mississippi Braves batting - Pitching for Columbia Fireflies : RHP Zhao-ying Joe
|
Batting: SHB Jamie Roberts
|
0-0: Ball 1-0: Fly out, F9 (Line Drive, 89M, EV 93.8 MPH)
|
Batting: LHB Ryan Murdock
|
0-0: Ball 1-0: Ball 2-0: Ball 3-0: Base on Balls
|
Batting: RHB Alex Velasquez
|
0-0: Called Strike 0-1: Ball 1-1: Ball 2-1: Called Strike 2-2: Grounds into double play, 6-4-3 (Groundball, 6, EV 80.6 MPH)
|
Bottom of the 2nd over - 0 runs, 0 hits, 0 errors, 0 left on base; Columbia 1 - Mississippi 1 |
TOP OF THE 3RD |
Columbia Fireflies batting - Pitching for Mississippi Braves : RHP Brian Bailes
|
Batting: RHB David Reyna
|
0-0: Ball 1-0: Foul Ball, location: 2F 1-1: Ball 2-1: Called Strike 2-2: Foul Ball, location: 2F 2-2: Foul Ball, location: 2F 2-2: Fly out, F5 (Line Drive, 56, EV 67.5 MPH)
|
Batting: RHB Zhao-ying Joe
|
0-0: Called Strike 0-1: Foul Ball, location: 2F 0-2: Strikes out looking
|
Batting: LHB Jamel Alexander
|
0-0: Called Strike 0-1: Swinging Strike 0-2: Strikes out looking
|
Top of the 3rd over - 0 runs, 0 hits, 0 errors, 0 left on base; Columbia 1 - Mississippi 1 |
BOTTOM OF THE 3RD |
Mississippi Braves batting - Pitching for Columbia Fireflies : RHP Zhao-ying Joe
|
Batting: RHB Adrian Billups
|
0-0: Swinging Strike 0-1: Swinging Strike 0-2: Ball 1-2: Ball 2-2: Strikes out swinging
|
Batting: RHB Edgar Castillo
|
0-0: Ground out 6-3 (Groundball, 56, EV 84.4 MPH)
|
Batting: RHB Joe Young
|
0-0: Ball 1-0: Ball 2-0: Called Strike 2-1: Ball 3-1: Foul Ball, location: 2F 3-2: Ground out 5-3 (Groundball, 56, EV 88.1 MPH)
|
Bottom of the 3rd over - 0 runs, 0 hits, 0 errors, 0 left on base; Columbia 1 - Mississippi 1 |
TOP OF THE 4TH |
Columbia Fireflies batting - Pitching for Mississippi Braves : RHP Brian Bailes
|
Batting: SHB Jason Evans
|
0-0: Ground out U3 (Groundball, 34, EV 89.4 MPH)
|
Batting: RHB Masaya Nakamura
|
0-0: Ball 1-0: TRIPLE (Flyball, 7D, EV 100.6 MPH)
|
Batting: SHB Raul Morales
|
0-0: Ball 1-0: Ground out 6-3 (Groundball, 6M, EV 85.0 MPH)
|
Batting: RHB Jeff MacPhee
|
0-0: Ball 1-0: Ball 2-0: Swinging Strike 2-1: Ball 3-1: SINGLE (Groundball, 56D, EV 111.2 MPH) Masaya Nakamura scores
|
Batting: RHB Bobby Mabrey
|
0-0: Called Strike 0-1: Ball 1-1: Ball 2-1: SINGLE (Groundball, 6MD, EV 103.1 MPH) Jeff MacPhee to second Runner from 2nd tries for 3rd, OUT! 8-5
|
Top of the 4th over - 1 run, 3 hits, 0 errors, 1 left on base; Columbia 2 - Mississippi 1 |
BOTTOM OF THE 4TH |
Mississippi Braves batting - Pitching for Columbia Fireflies : RHP Zhao-ying Joe
|
Batting: LHB Art D'Ascenzo
|
0-0: Ground out U3 (Groundball, 34, EV 90.0 MPH)
|
Batting: SHB Richello Badua
|
0-0: Called Strike 0-1: Foul Ball, location: 2F 0-2: DOUBLE (Groundball, 3L, EV 115.0 MPH)
|
Batting: LHB Oke Monti
|
0-0: Called Strike 0-1: Foul Ball, location: 2F 0-2: Ball 1-2: Ground out 3-1 (Groundball, 3L, EV 101.9 MPH) Richello Badua to third
|
Batting: SHB Jamie Roberts
|
0-0: Ball 1-0: Foul Ball, location: 2F 1-1: Foul Ball, location: 2F 1-2: Ball 2-2: TRIPLE (Flyball, 89XD, EV 111.2 MPH) Richello Badua scores
|
Batting: LHB Ryan Murdock
|
0-0: Ball 1-0: Ball 2-0: Fly out, F7 (Flyball, 7LM, EV 84.4 MPH)
|
Bottom of the 4th over - 1 run, 2 hits, 0 errors, 1 left on base; Columbia 2 - Mississippi 2 |
TOP OF THE 5TH |
Columbia Fireflies batting - Pitching for Mississippi Braves : RHP Brian Bailes
|
Batting: RHB Koen van Oort
|
0-0: Called Strike 0-1: Ball 1-1: Swinging Strike 1-2: Ball 2-2: Ball 3-2: Ground out U3 (Groundball, 34, EV 106.9 MPH)
|
Batting: RHB David Reyna
|
0-0: Ball 1-0: Foul Ball, location: 2F 1-1: Called Strike 1-2: Ball 2-2: Foul Ball, location: 2F 2-2: Foul Ball, location: 2F 2-2: Foul Ball, location: 2F 2-2: Strikes out swinging
|
Batting: RHB Zhao-ying Joe
|
0-0: Ball 1-0: Reached via error on a dropped throw from 3B, E3 (Groundball, 56, EV 106.2 MPH)
|
Batting: LHB Jamel Alexander
|
0-0: Called Strike Zhao-ying Joe steals 2nd base 0-1: Foul Ball, location: 2F 0-2: SINGLE (Line Drive, 4M, EV 103.1 MPH) Zhao-ying Joe to third Runner from 3rd tries for Home, SAFE, throw by CF to home Jamel Alexander to second
|
Batting: SHB Jason Evans
|
0-0: Called Strike 0-1: Ground out 4-3 (Groundball, 34, EV 103.8 MPH)
|
Top of the 5th over - 1 run, 1 hit, 1 error, 1 left on base; Columbia 3 - Mississippi 2 |
BOTTOM OF THE 5TH |
Mississippi Braves batting - Pitching for Columbia Fireflies : RHP Zhao-ying Joe
|
Batting: RHB Alex Velasquez
|
0-0: Foul Ball, location: 2F 0-1: Ball 1-1: Ground out 3-1 (Groundball, 34S, EV 86.2 MPH)
|
Batting: RHB Adrian Billups
|
0-0: Called Strike 0-1: Ball 1-1: Ground out 4-3 (Groundball, 4M, EV 86.2 MPH)
|
Batting: RHB Edgar Castillo
|
0-0: Ground out U3 (Groundball, 34, EV 81.9 MPH)
|
Bottom of the 5th over - 0 runs, 0 hits, 0 errors, 0 left on base; Columbia 3 - Mississippi 2 |
TOP OF THE 6TH |
Columbia Fireflies batting - Pitching for Mississippi Braves : RHP Brian Bailes
|
Batting: RHB Masaya Nakamura
|
0-0: Ground out 4-3 (Groundball, 6MS, EV 91.2 MPH)
|
Batting: SHB Raul Morales
|
0-0: Ball 1-0: Foul Ball, location: 2F 1-1: Ground out 6-3 (Groundball, 6, EV 86.9 MPH)
|
Batting: RHB Jeff MacPhee
|
0-0: Ball 1-0: Swinging Strike 1-1: Ball 2-1: Ball 3-1: Swinging Strike 3-2: SINGLE (Groundball, 34D, EV 98.1 MPH)
|
Pitching: RHP Frank Diaz
|
|
Batting: RHB Bobby Mabrey
|
0-0: Ball 1-0: Foul Ball, location: 2F 1-1: SINGLE (Line Drive, 56, EV 102.5 MPH) Jeff MacPhee to second
|
Batting: RHB Koen van Oort
|
0-0: Ball 1-0: Ball 2-0: Ball 3-0: Called Strike 3-1: Base on Balls Jeff MacPhee to third Bobby Mabrey to second
|
Batting: RHB David Reyna
|
0-0: Ball 1-0: DOUBLE (Flyball, 89D, EV 103.1 MPH) Jeff MacPhee scores Bobby Mabrey scores Koen van Oort to third
|
Batting: RHB Zhao-ying Joe
|
0-0: Ball 1-0: Fly out, F4 (Popup, 4MD, EV 50.0 MPH)
|
Top of the 6th over - 2 runs, 3 hits, 0 errors, 2 left on base; Columbia 5 - Mississippi 2 |
BOTTOM OF THE 6TH |
Mississippi Braves batting - Pitching for Columbia Fireflies : RHP Zhao-ying Joe
|
Batting: RHB Joe Young
|
0-0: Ground out 6-3 (Groundball, 6, EV 103.1 MPH)
|
Batting: LHB Art D'Ascenzo
|
0-0: Foul Ball, location: 2F 0-1: Ball 1-1: Foul Ball, location: 2F 1-2: Ball 2-2: Foul Ball, location: 2F 2-2: Ball 3-2: Foul Ball, location: 2F 3-2: SOLO HOME RUN (Flyball, 9D, EV 98.8 MPH), Distance : 393 ft
|
Batting: SHB Richello Badua
|
0-0: Ball 1-0: Swinging Strike 1-1: Called Strike 1-2: Ground out 4-3 (Groundball, 4, EV 78.8 MPH)
|
Batting: LHB Oke Monti
|
0-0: Called Strike 0-1: Swinging Strike 0-2: Ball 1-2: Ball 2-2: Foul Ball, location: 2F 2-2: Strikes out swinging
|
Bottom of the 6th over - 1 run, 1 hit, 0 errors, 0 left on base; Columbia 5 - Mississippi 3 |
TOP OF THE 7TH |
Columbia Fireflies batting - Pitching for Mississippi Braves : RHP Frank Diaz
|
Batting: LHB Jamel Alexander
|
0-0: Called Strike 0-1: Foul Ball, location: 2F 0-2: Ball 1-2: Foul Ball, location: 2F 1-2: Fly out, F5 (Popup, 15S, EV 81.9 MPH)
|
Batting: SHB Jason Evans
|
0-0: Ball 1-0: Fly out, F5 (Popup, 6, EV 68.8 MPH)
|
Batting: RHB Masaya Nakamura
|
0-0: Called Strike 0-1: Foul Ball, location: 2F 0-2: Strikes out swinging
|
Top of the 7th over - 0 runs, 0 hits, 0 errors, 0 left on base; Columbia 5 - Mississippi 3 |
BOTTOM OF THE 7TH |
Mississippi Braves batting - Pitching for Columbia Fireflies : RHP Zhao-ying Joe
|
Batting: SHB Jamie Roberts
|
0-0: Ball 1-0: Ground out 5-3 (Groundball, 6, EV 88.8 MPH)
|
Batting: LHB Ryan Murdock
|
0-0: Called Strike 0-1: Called Strike 0-2: Foul Ball, location: 2F 0-2: Foul Ball, location: 2F 0-2: Foul Ball, location: 2F 0-2: Ball 1-2: Foul Ball, location: 2F 1-2: Ball 2-2: Strikes out looking
|
Batting: RHB Alex Velasquez
|
0-0: Called Strike 0-1: Swinging Strike 0-2: Strikes out swinging
|
Bottom of the 7th over - 0 runs, 0 hits, 0 errors, 0 left on base; Columbia 5 - Mississippi 3 |
TOP OF THE 8TH |
Columbia Fireflies batting - Pitching for Mississippi Braves : RHP Frank Diaz
|
Batting: SHB Raul Morales
|
0-0: Ball 1-0: Ball 2-0: Foul Ball, location: 2F 2-1: Foul Ball, location: 2F 2-2: Ball 3-2: Strikes out swinging
|
Batting: RHB Jeff MacPhee
|
0-0: Called Strike 0-1: Ball 1-1: Foul Ball, location: 2F 1-2: Foul Ball, location: 2F 1-2: Foul Ball, location: 2F 1-2: Ball 2-2: Ground out 6-3 (Groundball, 6S, EV 88.8 MPH)
|
Batting: RHB Bobby Mabrey
|
0-0: Ball 1-0: Swinging Strike 1-1: Ball 2-1: Ball 3-1: Foul Ball, location: 2F 3-2: Strikes out swinging, 2-3 out at first.
|
Top of the 8th over - 0 runs, 0 hits, 0 errors, 0 left on base; Columbia 5 - Mississippi 3 |
BOTTOM OF THE 8TH |
Mississippi Braves batting - Pitching for Columbia Fireflies : RHP Zhao-ying Joe
|
Batting: RHB Adrian Billups
|
0-0: Swinging Strike 0-1: Fly out, F7 (Line Drive, 7S, EV 100.0 MPH)
|
Pitching: RHP Thomas Clark
|
|
Batting: RHB Edgar Castillo
|
0-0: Called Strike 0-1: Ground out 4-3 (Groundball, 34, EV 87.5 MPH)
|
Batting: RHB Joe Young
|
0-0: Ball 1-0: Ball 2-0: Ball 3-0: Called Strike 3-1: Foul Ball, location: 2F 3-2: Ground out U3 (Groundball, 3, EV 103.1 MPH)
|
Bottom of the 8th over - 0 runs, 0 hits, 0 errors, 0 left on base; Columbia 5 - Mississippi 3 |
TOP OF THE 9TH |
Columbia Fireflies batting - Pitching for Mississippi Braves : RHP Frank Diaz
|
Pitching: RHP Brendan Graham
|
|
Batting: RHB Koen van Oort
|
0-0: Ball 1-0: Ball 2-0: Ground out 6-3 (Groundball, 6, EV 95.0 MPH)
|
Batting: RHB David Reyna
|
0-0: Ball 1-0: Ball 2-0: Called Strike 2-1: Ball 3-1: Called Strike 3-2: Strikes out swinging
|
Batting: RHB Zhao-ying Joe
|
0-0: Called Strike 0-1: Ball 1-1: Called Strike 1-2: Ground out 5-3 (Groundball, 56S, EV 80.6 MPH)
|
Top of the 9th over - 0 runs, 0 hits, 0 errors, 0 left on base; Columbia 5 - Mississippi 3 |
BOTTOM OF THE 9TH |
Mississippi Braves batting - Pitching for Columbia Fireflies : RHP Thomas Clark
|
Pitching: LHP Ken Dewey
|
|
Batting: LHB Art D'Ascenzo
|
0-0: Foul Ball, location: 2F 0-1: Foul Ball, location: 2F 0-2: Ball 1-2: Ball 2-2: Strikes out swinging
|
Batting: SHB Richello Badua
|
0-0: Called Strike 0-1: Ball 1-1: Ball 2-1: SINGLE (Groundball, 56S, EV 71.2 MPH) (infield hit)
|
Batting: LHB Oke Monti
|
0-0: Called Strike 0-1: Ball 1-1: Foul Ball, location: 2F 1-2: SINGLE (Groundball, 6MD, EV 96.2 MPH) Richello Badua to second
|
Batting: SHB Jamie Roberts
|
0-0: Ball 1-0: Called Strike 1-1: Ball 2-1: SINGLE (Flyball, 56D, EV 93.1 MPH) Richello Badua to third Oke Monti to second
|
Pinch Hitting: RHB Corey Dalton
|
0-0: Grounds into double play, 5-4-3 (Groundball, 56S, EV 91.2 MPH)
|
Bottom of the 9th over - 0 runs, 3 hits, 0 errors, 2 left on base; Columbia 5 - Mississippi 3 |
|